 Dungeon Sprint DCSS version 0.31-a0-370-g25055926c8 (webtiles) character file.

Game seed: 10164298625810166008

93 Conn the Firebug (level 4, -11/27 HPs)
             Began as an Octopode Fire Elementalist on July 29, 2023.
             Was an Initiate of Sif Muna.
             Killed from afar by an oklob sapling priest (21 damage)
             ... with a splash of acid
             ... in the Dungeon (Sprint IV: "Fedhas' Mad Dash").
             The game lasted 00:01:35 (249 turns).

Conn the Firebug (Octopode Fire Elementalist)        Turns: 249, Time: 00:01:37

Health: -11/27     AC: -3    Str:  7    XL:     4   Next: 62%
Magic:  8/10       EV: 14    Int: 19    God:    Sif Muna [......]
Gold:   62         SH:  0    Dex: 12    Spells: 6/12 levels left

rFire   . . .        (no weapon)
rCold   . . .        (no shield)
rNeg    . . .        (helmet restricted)
rPois   .            g - amulet of invisibility {+Inv}
rElec   .            (no ring)
rCorr   .            (no ring)
SInv    .            (no ring)
Will    .....        (no ring)
Stlth   ++++         (no ring)
HPRegen 0.24/turn    (no ring)
MPRegen 0.12/turn    (no ring)
                     (no ring)

%: no teleportation
@: corroded, very slightly contaminated
A: almost no armour, amphibious, 8 rings, camouflage 1, gelatinous body 1,
(nimble swimmer 1), tentacles
a: Renounce Religion, Evoke Invisibility


You were in the Dungeon.
You worshipped Sif Muna.
Sif Muna was noncommittal.
You visited 1 branch You collected 62 gold pieces.

Inventory:

Jewellery
 g - the amulet of invisibility (around mantle) {+Inv}
   (You found it in the Dungeon)

   [amulet of nothing]

   +Inv:      It lets you turn invisible.
Scrolls
 e - a scroll of vulnerability {unknown}
 f - a scroll of blinking
Potions
 a - 2 potions of magic
 b - a potion of curing
 c - a potion of heal wounds
 d - a potion of haste


   Skills:
 + Level 3.5 Dodging
 + Level 4.3 Stealth
 - Level 0.1 Unarmed Combat
 * Level 4.5 Spellcasting
 * Level 2.8 Conjurations
 + Level 6.4 Fire Magic


You had 6 spell levels left.
You knew the following spells:

 Your Spells              Type           Power      Damage    Failure   Level
a - Foxfire               Conj/Fire      84%        2x1d8     1%          1
b - Scorch                Fire           56%        2d7       1%          2
c - Inner Flame           Hex/Fire       16%        N/A       11%         3

Your spell library contained the following spells:

 Spells                   Type           Power      Damage    Failure   Level
 Volatile Blastmotes      Fire/Tloc      32%        2d12      11%         3
 Flame Wave               Conj/Fire      21%        2d8       19%         4


Dungeon Overview and Level Annotations

Branches:
Dungeon (1/1)

Altars:
Cheibriados
Dithmenos
Elyvilon
Gozag
Hepliaklqana
Kikubaaqudgha
Makhleb
Nemelex Xobeh
Okawaru
Qazlal
Ru
Sif Muna
Trog
Uskayaw
Vehumet
Wu Jian
Xom
Yredelemnul
Zin
The Shining One
Jiyva
Lugonu

Annotations:
D exclusion: oklob sapling


Innate Abilities, Weirdness & Mutations

You cannot wear most types of armour.
You are amphibious.
You can wear up to eight rings at the same time.
Your skin changes colour to match your surroundings (Stealth+).
Your rubbery body absorbs attacks. (AC +1, EV +1)
((You are camouflaged when in or above water. (Stealth+)))
You have tentacles for arms and can constrict up to eight enemies at once.


Message History

The foxfire hits the oklob sapling priest but does no damage.
The oklob sapling priest is moderately damaged.
The foxfire hits the oklob sapling priest but does no damage.
The oklob sapling priest is moderately damaged.
The oklob sapling priest spits acid at you.
The splash of acid hits you!
Ouch! That really hurt!
The acid corrodes you!
Unknown command.
Press < or > to pray at altars.
Unknown command.
Press < or > to pray at altars.
Unknown command.
Press < or > to pray at altars.
Unknown command.
Press < or > to pray at altars.
Unknown command.
Press < or > to pray at altars.
Unknown command.
Press < or > to pray at altars.
Okay, then.
Unknown command.
Press < or > to pray at altars.
Unknown command.
Press < or > to pray at altars.
Unknown command.
Press < or > to pray at altars.
Magic courses through your body.
The foxfire hits the oklob sapling priest.
The oklob sapling priest is moderately damaged.
The foxfire hits the oklob sapling priest but does no damage.
The oklob sapling priest is moderately damaged.
The oklob sapling priest casts a cantrip, but nothing happens.
Casting: Foxfire (safe; 1% risk of failure)
Confirm with . or Enter, or press ? or * to list all spells.
Flames lash the oklob sapling priest but do no damage.
The oklob sapling priest spits acid at you.
The splash of acid hits you!!
Ouch! That really hurt!
You die...

########################
.....#.....#.⌠._._._._.⌠
.....'.#†[.'.._._._._._.
.....#.#...#..._._P_._..
#########+##.._.@._._._.
#._.§§§._._.⌠
#############


You could see an oklob sapling priest.

Vanquished Creatures
  A scorpion (D)
  An oklob sapling (D)
  A river rat (D)
  A rat (D)
4 creatures vanquished.

Vanquished Creatures (others)
  8 foxfires (D)
8 creatures vanquished.

Grand Total: 12 creatures vanquished

Notes
Turn   | Place    | Note
-------+----------+-------------------------------------------
     0 | D        | Conn the Octopode Fire Elementalist began the quest for the
                  | Orb.
     0 | D        | Reached XP level 1. HP: 11/11 MP: 3/3
    10 | D        | Noticed an oklob sapling
    13 | D        | Killed an oklob sapling
    14 | D        | Reached skill level 5 in Fire Magic
    14 | D        | Reached XP level 2. HP: 17/17 MP: 4/6
    14 | D        | Reached XP level 3. HP: 21/21 MP: 4/7
    82 | D        | Noticed a scorpion
    82 | D        | Found the amulet of invisibility {+Inv}
    89 | D        | Learned a level 2 spell: Scorch
    93 | D        | Learned a level 3 spell: Inner Flame
   100 | D        | Killed a scorpion
   101 | D        | Reached skill level 6 in Fire Magic
   101 | D        | Reached XP level 4. HP: 8/27 MP: 0/10
   234 | D        | Found an opulent altar of Gozag.
   234 | D        | Found a hazy altar of Hepliaklqana.
   234 | D        | Found a burning altar of Makhleb.
   234 | D        | Found a sparkling altar of Nemelex Xobeh.
   234 | D        | Found a snail-covered altar of Cheibriados.
   234 | D        | Found a sacrificial altar of Ru.
   234 | D        | Found a shimmering blue altar of Sif Muna.
   234 | D        | Found a shimmering altar of Xom.
   234 | D        | Found a basalt altar of Yredelemnul.
   235 | D        | Found a viscous altar of Jiyva.
   235 | D        | Found a bloodstained altar of Trog.
   235 | D        | Found an ornate altar of the Wu Jian Council.
   235 | D        | Noticed an oklob sapling priest
   236 | D        | Found an iron altar of Okawaru.
   236 | D        | Found a glowing silver altar of Zin.
   236 | D        | Found a shadowy altar of Dithmenos.
   237 | D        | Found a hide-covered altar of Uskayaw.
   237 | D        | Found an ancient bone altar of Kikubaaqudgha.
   238 | D        | Found a glowing golden altar of the Shining One.
   238 | D        | Found a stormy altar of Qazlal.
   238 | D        | Found a white marble altar of Elyvilon.
   239 | D        | Found a radiant altar of Vehumet.
   239 | D        | Found a corrupted altar of Lugonu.
   241 | D        | Became a worshipper of Sif Muna the Loreminder
   249 | D        | Killed from afar by an oklob sapling priest

Illustrated notes

Levels and vault maps discovered:
D:        dungeon_sprint_fedhas [sprint_temple]

Skill      XL: |  1  2  3 |
---------------+----------+-----
Stealth        | 3 4 |  4.3
Spellcasting   | 3 4 |  4.5
Fire Magic     | 5 6 |  6.4
Dodging        | 3 |  3.5
Conjurations   | 2 |  2.8
Unarmed Combat | |  0.1

Action                     |  1- 3 |  4- 6 || total
---------------------------+-------+-------++-------
  Melee: Unarmed           |    12 |       ||    12
         Constrict         |     3 |       ||     3
         Tentacles         |     1 |       ||     1
   Cast: Scorch            |     3 |     4 ||     7
         Foxfire           |     1 |     3 ||     4
Ability: Evoke Invisibilit |       |     1 ||     1
    Use: Potion            |     1 |     1 ||     2
 Armour: Skin              |     2 |       ||     2
  Dodge: Dodged            |     9 |       ||     9

Table legend: (Time is in decaauts)
 A = Elapsed time spent in this place.
 B = Non-inter-level travel time spent in this place.
 C = Inter-level travel time spent in this place.
 D = Time resting spent in this place.
 E = Time spent auto-exploring this place.
 F = Levels seen in this place.
 G = Mean time per level.
                   A        B        C        D        E       F      G
               +--------+--------+--------+--------+--------+-----+--------+
         Total |    254 |    254 |      0 |    151 |      0 |   1 |  254.0 |
       Dungeon |    254 |    254 |      0 |    151 |      0 |   1 |  254.0 |
               +--------+--------+--------+--------+--------+-----+--------+

Top non-repeatable levels by time:
       D: 254 daAuts
